 Dungeon Crawl Stone Soup version 0.29.1-12-g30fa7ad0bf (webtiles) character file.

Game seed: 15179361126998638871

1197 Radix the Geomancer (level 8, -3/41 HPs)
             Began as a Gargoyle Earth Elementalist on Jan 4, 2023.
             Was a Follower of Vehumet.
             Slain by Maggie
             ... wielding a +0 broad axe
              (6 damage)
             ... on level 6 of the Dungeon.
             The game lasted 00:26:00 (5043 turns).

Radix the Geomancer (Gargoyle Earth Elementalist)   Turns: 5043, Time: 00:26:01

Health: -3/41      AC: 11    Str: 11    XL:     8   Next: 44%
Magic:  0/17       EV: 11    Int: 25    God:    Vehumet [*.....]
Gold:   443        SH:  0    Dex: 10    Spells: 16/20 levels left

rFire   . . .      SeeInvis .   H - +2 whip (elec)
rCold   . . .      Faith    .   (no shield)
rNeg    + . .      Spirit   .   a - +0 robe
rPois   ∞          Reflect  .   w - +0 helmet
rElec   +          Harm     .   (no cloak)
rCorr   .          Rampage  .   B - +0 pair of gloves
Will    +....                   m - +1 pair of boots
Stlth   ++........              C - amulet of the acrobat
HPRegen 0.13/turn               n - +6 ring of intelligence
MPRegen 0.15/turn               x - ring of willpower

@: no status effects
A: sickness immunity, AC +5, negative energy resistance 1, electricity
resistance, torment resistance 1, petrification resistance
a: Renounce Religion


You were on level 6 of the Dungeon.
You worshipped Vehumet.
Vehumet was aware of your devotion.
You visited 2 branches of the dungeon, and saw 7 of its levels.

You collected 443 gold pieces.

Inventory:

Hand Weapons
 d - a +0 mace
 h - a +2 spear of venom
 F - a +2 flail of distortion
 H - a +2 whip of electrocution (weapon)
Missiles
 s - 2 throwing nets
Armour
 a - a +0 robe (worn)
 m - a +1 pair of boots (worn)
 w - a +0 helmet (worn)
 B - a +0 pair of gloves (worn)
Jewellery
 c - a ring of fire
 n - a +6 ring of intelligence (left hand)
 x - a ring of willpower (right hand)
 A - a ring of resist corrosion
 C - an amulet of the acrobat (around neck)
 G - an amulet of faith
Wands
 t - a wand of digging (5) (quivered)
 E - a wand of flame (13)
Scrolls
 g - a scroll of poison
 i - 4 scrolls of amnesia
 j - 2 scrolls of teleportation
 k - a scroll of fog {unknown}
 p - a scroll of silence
 y - 2 scrolls of identify
Potions
 b - a potion of magic
 e - a potion of resistance
 f - 3 potions of curing
 r - a potion of degeneration
 u - a potion of berserk rage
 D - a potion of attraction {unknown}


   Skills:
 - Level 1.5 Dodging
 - Level 2.1 Stealth
 + Level 6.6 Spellcasting
 - Level 0.7 Transmutations
 + Level 9.1 Earth Magic


You had 16 spell levels left.
You knew the following spells:

 Your Spells              Type           Power      Damage    Failure   Level
a - Sandblast             Erth           100%       2d20      1%          1
b - Stone Arrow           Conj/Erth      62%        3d10      3%          3

Your spell library contained the following spells:

 Spells                   Type           Power      Damage    Failure   Level
 Shock                    Conj/Air       32%        1d5       7%          1
 Passwall                 Tmut/Erth      27%        N/A       1%          2
 Petrify                  Tmut/Erth      33%        N/A       9%          4
 Blink                    Tloc           16%        N/A       11%         2
 Ensorcelled Hibernation  Hex/Ice        16%        N/A       11%         2
 Spider Form              Tmut/Pois      10%        N/A       19%         3
 Ozocubu's Armour         Ice            8%         N/A       22%         3
 Anguish                  Hex/Necr       4%         N/A       56%         4
 Manifold Assault         Tloc           8%         N/A       89%         5
 Ozocubu's Refrigeration  Ice            4%         4d8       100%        7
 Storm Form               Tmut/Air       5%         N/A       100%        7


Dungeon Overview and Level Annotations

Branches:
Dungeon (6/15)             Temple (1/1) D:4

Altars:
Cheibriados
Fedhas
Kikubaaqudgha
Makhleb
Nemelex Xobeh
Qazlal
Sif Muna
Uskayaw
Vehumet
The Shining One

Annotations:
D:2 1 runed translucent door, Crazy Yiuf
D:6 Maggie


Innate Abilities, Weirdness & Mutations

You are immune to sickness and miasma.
Your stone body is resilient. (AC +5)
You are immune to poison.
You resist negative energy. (rN+)
You are resistant to electric shocks. (rElec)
You are resistant to unholy torment.
You are immune to petrification.


Message History

Maggie barely misses you.
Casting: Stone Arrow (dangerous; 3% risk of failure)
Confirm with . or Enter, or press ? or * to list all spells.
Aiming: Stone Arrow (dangerous; 3% risk of failure)
Press: ? - help, Shift-Dir - straight line, f/p - Maggie
Aim: Maggie, wielding a +0 broad axe, wearing +0 steam dragon scales and carrying a wand of paralysis (12) (heavily wounded, 74% to hit)
The stone arrow hits Maggie!
Maggie is severely wounded.
Maggie casts a spell.
Maggie attempts to bespell you! You resist with almost no effort.
Casting: Stone Arrow (dangerous; 3% risk of failure)
Confirm with . or Enter, or press ? or * to list all spells.
Aiming: Stone Arrow (dangerous; 3% risk of failure)
Press: ? - help, Shift-Dir - straight line, f/p - Maggie
Aim: Maggie, wielding a +0 broad axe, wearing +0 steam dragon scales and carrying a wand of paralysis (12) (severely wounded, 74% to hit)
The stone arrow hits Maggie.
Maggie is severely wounded.
Maggie gestures at you while chanting. The bolt of fire hits you!!
Ouch! That really hurt!
* * * LOW HITPOINT WARNING * * *
You feel better.
Maggie casts a spell.
Maggie attempts to bespell you! You resist with almost no effort.
Casting: Stone Arrow (dangerous; 3% risk of failure)
Confirm with . or Enter, or press ? or * to list all spells.
Aiming: Stone Arrow (dangerous; 3% risk of failure)
Press: ? - help, Shift-Dir - straight line, f/p - Maggie
Aim: Maggie, wielding a +0 broad axe, wearing +0 steam dragon scales and carrying a wand of paralysis (12) (severely wounded, 74% to hit)
The stone arrow hits Maggie!
Maggie is almost dead.
Maggie points at you and mumbles some strange words.
The bolt of fire hits you!
* * * LOW HITPOINT WARNING * * *
Casting: Stone Arrow (dangerous; 3% risk of failure)
Confirm with . or Enter, or press ? or * to list all spells.
Aiming: Stone Arrow (dangerous; 3% risk of failure)
Press: ? - help, Shift-Dir - straight line, p - Maggie Maggie hits you with a +0 broad axe.
You die...

.###.###.######.########.##
.# #.# #.# #. #†.#
.###.###.## #. #####.#
....#.....# #. ..# #.#
..##.###..... .. #.# #.#
......##.#### #. ####.###.#
..##..# #. #........#
.###..# ######.##.##.###.#
## #.... ......@@.........#
# ##...[..........#..###.#
###.##...#..###..# #.#
.#.......# #..# #.#
#....##[# #..# #.# .....
... ...# #.# .... ....#.##
#.# .#. #......# .# . ..


You could see Maggie.

Vanquished Creatures
  Edmund (D:4)
  A water moccasin (D:6)
  A sky beast (D:6)
  An ice beast (D:6)
  2 ogres
  A phantom (D:5)
  A gnoll sergeant (D:5)
  2 hounds
  Jessica (D:3)
  An iguana (D:5)
  Natasha (twice) (D:4)
  15 gnolls
  6 adders
  A white imp (D:6)
  4 worms
  4 dart slugs
  7 orcs
  9 endoplasms
  3 giant cockroaches
  10 goblins
  7 hobgoblins
  2 quokkas (D:3)
  3 ball pythons
  3 bats
  4 frilled lizards
  9 kobolds
  A rat (D:3)
102 creatures vanquished.

Vanquished Creatures (others)
  2 fungi (D:2)
2 creatures vanquished.

Grand Total: 104 creatures vanquished

Notes
Turn   | Place    | Note
-------+----------+-------------------------------------------
     0 | D:1      | Radix the Gargoyle Earth Elementalist began the quest for
                  | the Orb.
     0 | D:1      | Reached XP level 1. HP: 10/10 MP: 3/3
   282 | D:1      | Found a blossoming altar of Fedhas.
   388 | D:1      | Reached skill level 4 in Earth Magic
   388 | D:1      | Reached XP level 2. HP: 15/15 MP: 3/5
   917 | D:1      | Reached XP level 3. HP: 19/19 MP: 4/6
  1513 | D:2      | Reached XP level 4. HP: 24/24 MP: 1/8
  1515 | D:2      | Reached skill level 5 in Earth Magic
  1675 | D:2      | Found a runed translucent door.
  1676 | D:2      | Noticed Crazy Yiuf
  2088 | D:3      | Reached XP level 5. HP: 28/28 MP: 6/10
  2335 | D:3      | Noticed Jessica
  2341 | D:3      | Killed Jessica
  2346 | D:3      | Found a shimmering blue altar of Sif Muna.
  2815 | D:3      | Found a glowing golden altar of the Shining One.
  2848 | D:3      | Reached skill level 6 in Earth Magic
  3007 | D:3      | Learned a level 3 spell: Stone Arrow
  3034 | D:4      | Found a snail-covered altar of Cheibriados.
  3154 | D:4      | Reached XP level 6. HP: 32/32 MP: 7/12
  3202 | D:4      | Found a staircase to the Ecumenical Temple.
  3232 | Temple   | Entered the Ecumenical Temple
  3281 | Temple   | Became a worshipper of Vehumet
  3318 | D:4      | Noticed Edmund
  3326 | D:4      | Killed Edmund
  3442 | D:4      | Noticed Natasha
  3443 | D:4      | Killed Natasha
  3508 | D:4      | Noticed Natasha
  3514 | D:4      | Killed Natasha
  3548 | D:4      | Reached skill level 7 in Earth Magic
  3548 | D:4      | Reached XP level 7. HP: 36/36 MP: 11/14
  3591 | D:4      | Reached skill level 5 in Spellcasting
  3708 | D:5      | Entered Level 5 of the Dungeon
  3844 | D:5      | Found a sparkling altar of Nemelex Xobeh.
  3926 | D:5      | Reached * piety under Vehumet
  3926 | D:5      | Offered knowledge of Shock by Vehumet.
  4525 | D:5      | Reached skill level 8 in Earth Magic
  4894 | D:6      | Reached XP level 8. HP: 41/41 MP: 13/17
  5009 | D:6      | Reached skill level 9 in Earth Magic
  5030 | D:6      | Noticed Maggie
  5043 | D:6      | Slain by Maggie

Illustrated notes

Levels and vault maps discovered:
D:1:      minmay_arrival_plants_in_alcoves, layout_basic, minmay_hexomino_r4
D:2:      layout_basic, uniq_crazy_yiuf_cottage
D:3:      layout_rooms, tgw_sif, nicolae_tso_carved_into_rock, serial_glass,
          glass_columns_a, glass_columns_c, glass_columns_a, glass_columns_a,
          minmay_strange_pillars, minmay_strange_pillars, due_unseen_surprise,
          minmay_strange_pillars, roderic_roman_lattice
D:4:      layout_rooms, lemuel_tele_altar, minmay_temple_entry_glass,
          minmay_surrounded, uniq_edmund, uniq_natasha
D:5:      layout_loops_ring, nemelex_spade_bored_becter
D:6:      layout_loops_ring, cheibrodos_sewer_entry_drain,
          corexii_leaking_fountain, uniq_maggie
Temple:   hellmonk_temple_forest_ring

Skill      XL: |  1  2  3  4  5  6  7  8 |
---------------+-------------------------+-----
Earth Magic    | 4 5 6 7 8 9 |  9.1
Spellcasting   | 3 4 6 |  6.6
Dodging        | |  1.5
Stealth        | |  2.1
Transmutations | |  0.7

Action                   |  1- 3 |  4- 6 |  7- 9 || total
-------------------------+-------+-------+-------++-------
Melee: Unarmed           |     5 |       |       ||     5
       Mace              |     1 |     3 |       ||     4
       Punch             |       |     1 |       ||     1
 Cast: Sandblast         |    44 |    62 |    50 ||   156
       Stone Arrow       |       |       |    10 ||    10
Evoke: Wand              |       |     1 |     1 ||     2
  Use: Scroll            |       |     3 |    14 ||    17
       Potion            |       |       |     5 ||     5
Armor: Robe              |    12 |     3 |    16 ||    31
       Skin              |       |       |     4 ||     4
Dodge: Dodged            |    12 |     4 |    23 ||    39
